 Dungeon Crawl Stone Soup version 0.29.0-4-gdea44cf6ec (webtiles) character file.

Game seed: 13209515963937279038

2 qw the Sneak (level 1, -1/14 HPs)
             Began as a Gargoyle Delver on Sept 10, 2022.
             Slain by an ufetubus (4 damage)
             ... on level 5 of the Dungeon.
             The game lasted 00:00:01 (32 turns).

qw the Sneak (Gargoyle Delver)                        Turns: 32, Time: 00:00:01

Health: -1/14      AC:  5    Str: 15    XL:     1   Next: 40%
Magic:  1/1        EV: 11    Int: 10    God:
Gold:   17         SH:  0    Dex: 11    Spells: 0/0 levels left

rFire   . . .      SeeInvis .   a - +0 hand axe
rCold   . . .      Faith    .   (no shield)
rNeg    + . .      Spirit   .   b - +0 leather armour
rPois   inf        Reflect  .   (no helmet)
rElec   +          Harm     .   (no cloak)
rCorr   .          Rampage  .   (no gloves)
Will    .....                   (no boots)
Stlth   +++.......              (no amulet)
HPRegen 0.04/turn               (no ring)
MPRegen 0.07/turn               (no ring)

@: no status effects
A: sickness immunity, AC +2, negative energy resistance 1, electricity
resistance, torment resistance 1, petrification resistance
a: no special abilities


You were on level 5 of the Dungeon.
You visited 1 branch of the dungeon, and saw 1 of its levels.

You collected 17 gold pieces.


Innate Abilities, Weirdness & Mutations

You are immune to sickness and miasma.
Your stone body is resilient. (AC +2)
You are immune to poison.
You resist negative energy. (rN+)
You are resistant to electric shocks. (rElec)
You are resistant to unholy torment.
You are immune to petrification.


   Skills:
 - Level 3.2 Fighting
 + Level 2.0 Axes
 - Level 1.5 Dodging
 - Level 5.4 Stealth


You couldn't memorise any spells.
You didn't know any spells.
Your spell library was empty.

Inventory:

Hand Weapons
 a - a +0 hand axe (weapon)
Armour
 b - a +0 leather armour (worn)
Wands
 g - a wand of digging (3)
Scrolls
 c - a scroll of fog
 d - a scroll of magic mapping
 e - a scroll of fear
 h - a scroll of identify {unknown}
Potions
 f - a potion of haste

Dungeon Overview and Level Annotations

Branches:
Dungeon (5/15)             Temple (0/1) D:5

Altars:
Ashenzari

Annotations:
D:5 Grinder


Message History

Assign waypoint to what number? (0-9) Waypoint 2 assigned to D:5.
0 ||| PLANNING D:1-11 You now have 17 gold pieces.
h - a scroll labelled VAABORA DAEHUZ
Found a broken altar of Ashenzari.
You enter a teleport trap!
The teleport trap disappears.
Your surroundings suddenly seem different.
An ufetubus and 2 jackals come into view.
Found a helmet.
Found a staircase to the Ecumenical Temple.
Enter note:
26 ||| PLANNING TEMPLE The helpless jackal fails to defend itself.
You hit the jackal.
You kill the jackal!
The ufetubus shouts!
The jackal barks!
A hound comes into view.
Grinder comes into view.
You barely miss the ufetubus. You hit the jackal.
The jackal bites you but does no damage.
The ufetubus closely misses you. The ufetubus barely misses you.
The jackal bites you. The ufetubus hits you. The ufetubus barely misses you.
You hit the jackal.
You kill the jackal!
You closely miss the hound. You miss the ufetubus.
The ufetubus closely misses you. x2; The hound closely misses you.
Your Axes skill increases to level 2!
You hit the hound.
The hound is lightly wounded.
You hit the ufetubus.
The ufetubus barely misses you. x2; The hound bites you.
Grinder blinks!
The ufetubus barely misses you. The ufetubus misses you.
The hound bites you but does no damage.
You closely miss the hound.
The hound is lightly wounded.
You closely miss the ufetubus.
The ufetubus hits you but does no damage.
The ufetubus misses you. The hound closely misses you. The hound bites you.
The ufetubus hits you.
You die...

### .# .. .. ##
..#. .# ###. ..
[###...##.
........# ##
.##..>..##ยค..#
..#...5@h..#
..##...###...#
#.## ## # #. ..
.. ..# ##


You could see a hound and an ufetubus.

Vanquished Creatures
  2 jackals (D:5)
2 creatures vanquished.

Notes
Turn   | Place    | Note
-------+----------+-------------------------------------------
     0 | D:5      | qw the Gargoyle Delver began the quest for the Orb.
     0 | D:5      | Reached XP level 1. HP: 14/14 MP: 1/1
     0 | D:5      | 0 ||| qw: Version: 0.1-a-116-g5d60599
     0 | D:5      | 0 ||| qw: Game counter: 8006
     0 | D:5      | 0 ||| qw: Always use a shield: true
     0 | D:5      | 0 ||| qw: God list: Okawaru
     0 | D:5      | 0 ||| qw: Allow faded altars: false
     0 | D:5      | 0 ||| qw: Do Orc after D:15 true
     0 | D:5      | 0 ||| qw: Do second Lair branch before Depths: true
     0 | D:5      | 0 ||| qw: Lair rune preference: random
     0 | D:5      | 0 ||| qw: Plans: Normal
     0 | D:5      | 0 ||| PLANNING D:1-11
    23 | D:5      | Found a broken altar of Ashenzari.
    25 | D:5      | Found a staircase to the Ecumenical Temple.
    26 | D:5      | 26 ||| PLANNING TEMPLE
    28 | D:5      | Noticed a hound
    28 | D:5      | Noticed Grinder
    32 | D:5      | HP: 3/14 [hound (2)]
    32 | D:5      | Slain by an ufetubus

Levels and vault maps discovered:
D:5:      layout_loops_ring, mainiacjoe_overflow_cross_hatched,
          lemuel_tele_altar, lemuel_doored_altar, minmay_temple_entry_slanted,
          kennysheep_generic_room_12, uniq_grinder

Skill      XL: |  1 |
---------------+----+-----
Axes           | 2 |  2.0
Fighting       | |  3.2
Dodging        | |  1.5
Stealth        | |  5.4

Action                   || total
-------------------------++-------
Melee: Hand axe          ||     5
 Stab: Sleeping          ||     1
Armor: Leather armour    ||     3
Dodge: Dodged            ||    12

Table legend:
 A = Non-vault XP
 B = Vault XP
 C = Vault XP percentage of total XP
 D = Non-vault monster count
 E = Vault monster count
 F = Vault count percentage of total count
                 A         B        C        D         E       F
            +---------+---------+-------+---------+---------+-------
      Total |       4 |       0 |   0.0 |       2 |       0 |   0.0
            +---------+---------+-------+---------+---------+-------
        D:5 |       4 |       0 |   0.0 |       2 |       0 |   0.0
            +---------+---------+-------+---------+---------+-------
